 Dungeon Crawl Stone Soup version 0.29-a0-110-g189f89ecda (webtiles) character file.

Game seed: 9551427359216835389

93 Gargoyl the Skirmisher (level 4, -3/30 HPs)
             Began as a Gargoyle Abyssal Knight on Feb 17, 2022.
             Was a Follower of Lugonu.
             Slain by a gnoll (11 damage)
             ... on level 3 of the Dungeon.
             The game lasted 00:02:22 (2245 turns).

Gargoyl the Skirmisher (Gargoyle Abyssal Knight)    Turns: 2245, Time: 00:02:23

Health: -3/30      AC: 10    Str: 19    XL:     4   Next: 62%
Magic:  5/5        EV: 10    Int: 10    God:    Lugonu [*.....]
Gold:   48         SH:  0    Dex: 16    Spells: 3/3 levels left

rFire   . . .      SeeInvis +   a - +1 hand axe (freeze)
rCold   . . .      Faith    .   (no shield)
rNeg    + . .      Spirit   .   i - +0 scale mail
rPois   ∞          Reflect  .   (helmet restricted)
rElec   +          Harm     .   (no cloak)
rCorr   .          Rampage  .   (no gloves)
Will    .....                   (no boots)
Stlth   ..........              (no amulet)
HPRegen 0.10/turn               k - +6 ring of dexterity
MPRegen 0.09/turn               (no ring)

@: no status effects
A: sickness immunity, AC +3, negative energy resistance 1, electricity
resistance, torment resistance 1, petrification resistance, antennae 1, see
invisible, MP-powered wands
a: Renounce Religion, Depart the Abyss


You were on level 3 of the Dungeon.
You worshipped Lugonu.
Lugonu was aware of your devotion.
You visited 1 branch of the dungeon, and saw 3 of its levels.
You visited the Abyss 1 time.

You collected 48 gold pieces.

Inventory:

Hand Weapons
 a - a +1 hand axe of freezing (weapon)
Missiles
 e - a throwing net
Armour
 i - a +0 scale mail (worn)
Jewellery
 k - a +6 ring of dexterity (left hand)
Wands
 b - a wand of iceblast (9)
Scrolls
 f - 2 scrolls of teleportation
Potions
 c - 2 potions of brilliance
 d - 3 potions of lignification
 g - 2 potions of haste {unknown}
 h - a potion of flight {unknown}
 j - a potion of curing {unknown}


   Skills:
 + Level 4.3 Fighting
 + Level 2.9 Axes
 + Level 2.8 Armour
 + Level 1.2 Dodging
 + Level 2.0 Invocations


You had 3 spell levels left.
You didn't know any spells.
Your spell library contained the following spells:

 Spells                   Type           Power      Damage    Failure   Level
 Freeze                   Ice            0%         1d3       75%         1
 Frozen Ramparts          Ice            0%         1d2       98%         3
 Hailstorm                Conj/Ice       0%         3d3       100%        4


Dungeon Overview and Level Annotations

Branches:
Dungeon (3/15)

Altars:


Innate Abilities, Weirdness & Mutations

You are immune to sickness and miasma.
Your stone body is resilient. (AC +3)
You are immune to poison.
You resist negative energy. (rN+)
You are resistant to electric shocks. (rElec)
You are resistant to unholy torment.
You are immune to petrification.
You have a pair of small antennae on your head.
You have supernaturally acute eyesight. (SInv)
You expend magic power (3 MP) to strengthen your wands.


Message History

Lugonu accepts your kill. The quokka bites you.
The gnoll hits you but does no damage.
A gnoll comes into view. It is wielding a +0 flail.
The quokka closely misses you. The gnoll hits you but does no damage.
Unknown command.
You barely miss the quokka.
The gnoll shouts!
The quokka misses you. The gnoll hits you but does no damage.
You hit the quokka but do no damage. The quokka closely misses you.
The gnoll barely misses you.
The quokka bites you but does no damage.
Unknown command.
You hit the quokka. You freeze the quokka.
You kill the quokka!
Lugonu accepts your kill. The gnoll barely misses you.
Unknown command.
The gnoll hits you with a +0 spear.
Things that are here:
a +0 whip; a quokka corpse; a gnoll corpse You slash the gnoll!
You freeze the gnoll.
The gnoll is severely wounded.
The gnoll hits you with a +0 spear.
You hit the gnoll but do no damage.
The gnoll is severely wounded.
The gnoll hits you but does no damage.
You hit the gnoll. You freeze the gnoll.
You kill the gnoll!
Lugonu accepts your kill. The gnoll hits you with a +0 flail!
* * * LOW HITPOINT WARNING * * *
You hit the gnoll but do no damage. The gnoll closely misses you.
Unknown command.
You hit the gnoll. You freeze the gnoll.
The gnoll is moderately wounded.
The gnoll closely misses you.
You slash the gnoll! You freeze the gnoll. Your punch misses the gnoll.
The gnoll is almost dead.
The gnoll hits you with a +0 flail!
You die...

......# ......#
#†...######
..........#########
...................
#.#..........##.## .
#.#..#####.#.##.# ...
#.#..# #...##.###!....
#.#..######.....@g..#
#.#..........##)##.!#
#.#.#######....... .#
#......# #...#.#...#
###..#.# #.#.#.#...#
.....#.####.#.#.# ..#
###.........#...# ..#
#..#.###..#..)##+######
##.#.###..#...#.......#


You could see a gnoll.

Vanquished Creatures
  3 gnolls (D:3)
  An adder (D:2)
  A worm (D:2)
  4 dart slugs
  7 ball pythons
  An endoplasm (D:1)
  3 goblins
  2 hobgoblins
  7 jackals (D:1)
  6 kobolds
  3 quokkas
  3 bats
  2 frilled lizards (D:2)
  2 rats (D:1)
45 creatures vanquished.

Notes
Turn   | Place    | Note
-------+----------+-------------------------------------------
     0 | Abyss:1  | Gargoyl the Gargoyle Abyssal Knight began the quest for the
                  | Orb.
     0 | Abyss:1  | Reached XP level 1. HP: 14/14 MP: 2/2
    24 | D:1      | Escaped the Abyss
    93 | D:1      | Reached * piety under Lugonu
   216 | D:1      | Reached XP level 2. HP: 19/20 MP: 3/3
   294 | D:1      | Reached skill level 4 in Fighting
   690 | D:1      | Reached XP level 3. HP: 20/24 MP: 4/4
   866 | D:1      | Found a faded altar of an unknown god.
  1141 | D:2      | Gained mutation: You expend magic power (3 MP) to
                  | strengthen your wands. [potion of mutation]
  1141 | D:2      | Gained mutation: You have supernaturally acute eyesight.
                  | (SInv) [potion of mutation]
  1141 | D:2      | Gained mutation: You have a pair of small antennae on your
                  | head. [potion of mutation]
  1407 | D:2      | Reached skill level 1 in Dodging
  2120 | D:3      | Reached XP level 4. HP: 29/29 MP: 5/5
  2245 | D:3      | Slain by a gnoll

Illustrated notes

Levels and vault maps discovered:
D:1:      ebering_hopf_link, layout_basic, hellmonk_ecumenical_altar_blasted,
          minmay_misc_feat_four_crosses, minmay_split_cup_small
D:2:      layout_basic, solitary_fountain
D:3:      layout_basic, portal_sewer_entry_b, uniq_sigmund

Skill      XL: |  1  2  3 |
---------------+----------+-----
Fighting       | 4 |  4.3
Axes           | 2 |  2.9
Dodging        | 1 |  1.2
Armour         | |  2.8
Invocations    | |  2.0

Action                   |  1- 3 |  4- 6 || total
-------------------------+-------+-------++-------
Melee: Hand axe          |   109 |    26 ||   135
       Punch             |     1 |       ||     1
Invok: Depart the Abyss  |     1 |       ||     1
  Use: Scroll            |     7 |     1 ||     8
       Potion            |     1 |       ||     1
Armor: Leather armour    |    50 |       ||    50
       Scale mail        |       |    15 ||    15
Dodge: Dodged            |    86 |    17 ||   103

Table legend: (Time is in decaauts)
 A = Elapsed time spent in this place.
 B = Non-inter-level travel time spent in this place.
 C = Inter-level travel time spent in this place.
 D = Time resting spent in this place.
 E = Time spent auto-exploring this place.
 F = Levels seen in this place.
 G = Mean time per level.
                   A        B        C        D        E       F      G
               +--------+--------+--------+--------+--------+-----+--------+
         Total |   2269 |   2231 |     38 |      0 |   1804 |   4 |  567.2 |
       Dungeon |   2245 |   2207 |     38 |      0 |   1782 |   3 |  748.3 |
         Abyss |     24 |     24 |      0 |      0 |     22 |   1 |   24.0 |
               +--------+--------+--------+--------+--------+-----+--------+

Top non-repeatable levels by time:
     D:1: 1095 daAuts
     D:2: 978 daAuts
     D:3: 171 daAuts
 Abyss:1: 24 daAuts
